 Dungeon Crawl Stone Soup version 0.30-a0-1164-ge08a67761e (webtiles) character file.

Game seed: 15020961568135965025

353 ryw the Cudgeller (level 6, -13/47 HPs)
             Began as a Mummy Fighter on Apr 30, 2023.
             Mangled by Pikel
             ... wielding a +0 whip of electrocution
              (14 damage)
             ... on level 5 of the Dungeon.
             The game lasted 00:04:59 (3760 turns).

ryw the Cudgeller (Mummy Fighter)                   Turns: 3760, Time: 00:04:59

Health: -13/47     AC: 13    Str: 22    XL:     6   Next: 35%
Magic:  6/6        EV:  9    Int:  7    God:
Gold:   236        SH:  4    Dex: 11    Spells: 5/5 levels left

rFire   x . .        i - +0 morningstar (protect)
rCold   + . .        c - +0 buckler
rNeg    + + +        b - +0 scale mail
rPois   ∞            (no helmet)
rElec   .            (no cloak)
rCorr   .            (no gloves)
SInv    .            (no boots)
Will    .....        (no amulet) Stlth
                     (no ring)
HPRegen 0.27/turn    (no ring)
MPRegen 0.10/turn

%: faith
@: under a protective aura
A: cold resistance 1, negative energy resistance 3, torment resistance 2, heat
vulnerability 1, in touch with death 1, no potions, faith
a: no special abilities


You were on level 5 of the Dungeon.
You visited 1 branch of the dungeon, and saw 5 of its levels.

You collected 236 gold pieces.

Inventory:

Hand Weapons
 a - a +0 flail of electrocution
 i - a +0 morningstar of protection (weapon)
Armour
 b - a +0 scale mail (worn)
 c - a +0 buckler (worn)
Scrolls
 d - 2 scrolls of fear {unknown}
 f - a scroll of silence
 g - a scroll of acquirement {unknown}
 h - 3 scrolls of poison {unknown}


   Skills:
 - Level 3.0 Fighting
 * Level 5.7 Maces & Flails
 - Level 2.4 Armour
 - Level 2.4 Shields


You had 5 spell levels left.
You didn't know any spells.
Your spell library contained the following spells:

 Spells                   Type           Power      Damage    Failure   Level
 Apportation              Tloc           0%         N/A       83%         1
 Necrotise                Necr           0%         1d4       83%         1
 Summon Small Mammal      Summ           0%         N/A       83%         1


Dungeon Overview and Level Annotations

Branches:
Dungeon (5/15)             Temple (0/1) D:4

Altars:
Nemelex Xobeh
Sif Muna

Shops:
D:1 !

Annotations:
D:5 Pikel


Innate Abilities, Weirdness & Mutations

You are immune to poison.
Your flesh is cold resistant. (rC+)
You are immune to negative energy. (rN+++)
You are immune to unholy pain and torment.
You are vulnerable to heat. (rF-)
You are in touch with the powers of death.
You do not drink.
You have a special connection with the divine. (Faith)


Message History

You kill the lemure!
That felt strangely unrewarding.
No target in view!
You start resting.
HP restored.
You climb upwards.
Level annotation: Pikel The lemure closely misses you. x2
Pikel hits you with a +0 whip of electrocution.
You block the lemure's attack. Pikel hits you but does no damage.
The lemure hits you!
There is a stone staircase leading down here.
The lemure hits you. x2
Pikel hits you with a +0 whip of electrocution.
You climb downwards.
There is a stone staircase leading up here.
You sock the lemure!
Your weapon exudes an aura of protection.
The lemure is moderately wounded.
The lemure barely misses you.
You sock the lemure!
The lemure is heavily wounded.
The lemure hits you.
You closely miss the lemure.
The lemure is heavily wounded.
Pikel hits you with a +0 whip of electrocution.
* * * LOW HITPOINT WARNING * * *
The lemure hits you.
* * * LOW HITPOINT WARNING * * *
You sock the lemure!
You kill the lemure!
That felt strangely unrewarding.
Pikel hits you but does no damage.
Pikel hits you with a +0 whip of electrocution.
* * * LOW HITPOINT WARNING * * *
As you read the scroll of torment, it crumbles to dust.
You feel a surge of unholy energy.
Pikel convulses!
Pikel hits you with a +0 whip of electrocution.
* * * LOW HITPOINT WARNING * * *
You are electrocuted!
You die...

..#
#)#
...
#.#
...
#5#
#K#
#@#
#.#
#.#
..#
###


You could see Pikel and a lemure.

Vanquished Creatures
  3 lemures (D:5)
  An orc priest (D:4)
  Ijyb (D:4)
  3 orc wizards
  2 iguanas
  5 adders
  2 gnolls
  An ufetubus (D:4)
  4 worms
  A dart slug (D:2)
  10 orcs
  8 endoplasms
  4 giant cockroaches
  5 goblins
  4 hobgoblins
  7 kobolds
  8 quokkas
  5 ball pythons
  8 bats
  4 frilled lizards
  2 rats
88 creatures vanquished.

Notes
Turn   | Place    | Note
-------+----------+-------------------------------------------
     0 | D:1      | ryw the Mummy Fighter began the quest for the Orb.
     0 | D:1      | Reached XP level 1. HP: 18/18 MP: 1/1
   181 | D:1      | Reached skill level 2 in Maces & Flails
   305 | D:1      | Reached XP level 2. HP: 24/24 MP: 2/2
   431 | D:1      | Found Jovies's Distillery.
   953 | D:2      | You fall into a shaft and drop 2 floors!
   972 | D:4      | Noticed a lemure
   972 | D:4      | Noticed a lemure
   972 | D:4      | Noticed a lemure
   972 | D:4      | Noticed Pikel
  1024 | D:4      | Found a staircase to the Ecumenical Temple.
  1114 | D:2      | Gained mutation: You are in touch with the powers of death.
                  | [Mummy growth]
  1114 | D:2      | Reached XP level 3. HP: 29/29 MP: 3/3
  1234 | D:2      | Reached skill level 3 in Maces & Flails
  1602 | D:2      | Reached XP level 4. HP: 30/35 MP: 4/4
  2172 | D:3      | Reached skill level 4 in Maces & Flails
  2483 | D:3      | Reached XP level 5. HP: 41/41 MP: 5/5
  3330 | D:4      | Noticed Ijyb
  3336 | D:4      | Killed Ijyb
  3450 | D:3      | Reached skill level 5 in Maces & Flails
  3545 | D:4      | Reached XP level 6. HP: 33/47 MP: 6/6
  3616 | D:4      | Found a shimmering blue altar of Sif Muna.
  3727 | D:4      | Found a sparkling altar of Nemelex Xobeh.
  3735 | D:5      | Entered Level 5 of the Dungeon
  3760 | D:5      | HP: 1/47 [Pikel/+0 whip of electrocution (5)]
  3760 | D:5      | Mangled by Pikel

Illustrated notes

Levels and vault maps discovered:
D:1:      scummos_arrival_simple_fountains, layout_basic, serial_shops, shop
D:2:      kennysheep_six_static_rooms, layout_loops_ring
D:3:      layout_basic, grunt_ministairs_2
D:4:      nicolae_cairo_tiling, layout_basic, lemuel_round_altar,
          nicolae_gozag_zags_fifth_avenue, nemelex_xobeh_ov_fountains_minmay,
          minmay_temple_entry_trees, lightli_sewer_entry_pipes, uniq_pikel,
          uniq_ijyb
D:5:      layout_loops_ring, nicolae_yredelemnul_ghost_church, st_stairs_9,
          uniq_blork_the_orc

Skill      XL: |  1  2  3  4  5 |
---------------+----------------+-----
Maces & Flails | 2 3 4 5 |  5.7
Fighting       | |  3.0
Armour         | |  2.4
Shields        | |  2.4

Action                     |  1- 3 |  4- 6 || total
---------------------------+-------+-------++-------
  Melee: Flail             |   121 |   131 ||   252
         Morningstar       |       |    53 ||    53
    Use: Scroll            |       |     4 ||     4
 Armour: Scale mail        |    78 |    98 ||   176
  Dodge: Dodged            |    53 |    82 ||   135
  Block: Buckler           |    25 |    43 ||    68

Table legend: (Time is in decaauts)
 A = Elapsed time spent in this place.
 B = Non-inter-level travel time spent in this place.
 C = Inter-level travel time spent in this place.
 D = Time resting spent in this place.
 E = Time spent auto-exploring this place.
 F = Levels seen in this place.
 G = Mean time per level.
                   A        B        C        D        E       F      G
               +--------+--------+--------+--------+--------+-----+--------+
         Total |   3841 |   3674 |    167 |    271 |   2578 |   5 |  768.2 |
       Dungeon |   3841 |   3674 |    167 |    271 |   2578 |   5 |  768.2 |
               +--------+--------+--------+--------+--------+-----+--------+

Top non-repeatable levels by time:
     D:3: 1219 daAuts
     D:2: 1134 daAuts
     D:1: 921 daAuts
     D:4: 540 daAuts
     D:5: 26 daAuts
